 Dungeon Crawl Stone Soup version 0.32-a0-872-g59262bdc9b (webtiles) character file.

Game seed: 4273895306928754318

51 Goblin1989 the Covered (level 3, -4/33 HPs)
             Began as a Mountain Dwarf Fighter on Mar 30, 2024.
             Slain by Natasha (8 damage)
             ... on level 2 of the Dungeon.
             The game lasted 00:01:17 (1050 turns).

Goblin1989 the Covered (Mountain Dwarf Fighter)     Turns: 1050, Time: 00:01:17

Health: -4/33      AC:  7    Str: 20    XL:     3   Next: 57%
Magic:  3/3        EV:  8    Int:  8    God:
Gold:   67         SH:  4    Dex:  9    Spells: 2/2 levels left

rFire   . . .        a - +0 flail
rCold   . . .        c - +0 buckler
rNeg    . . .        b - +0 scale mail
rPois   .            (no helmet)
rElec   .            (no cloak)
rCorr   .            (no gloves)
SInv    .            (no boots)
Will    .....        (no amulet) Stlth
                     (no ring)
HPRegen 0.25/turn    (no ring)
MPRegen 0.08/turn

%: no passive effects
@: no status effects
A: runic magic, artefact enchanting
a: no special abilities


You were on level 2 of the Dungeon.
You visited 1 branch of the dungeon, and saw 2 of its levels.

You collected 67 gold pieces.

Inventory:

Hand Weapons
 a - a +0 flail (weapon)
Armour
 b - a +0 scale mail (worn)
 c - a +0 buckler (worn)
Scrolls
 e - a scroll of revelation {unknown}
 g - a scroll of brand weapon {unknown}
 h - a scroll of fog {unknown}
 i - a scroll of immolation {unknown}
 j - 2 scrolls of teleportation {unknown}
 k - 2 scrolls of torment {unknown}
 n - a scroll of identify {unknown}
Potions
 d - a potion of might {@q4}
 f - a potion of brilliance {unknown}
 l - a potion of berserk rage {unknown}
 m - a potion of degeneration {unknown}


   Skills:
 + Level 3.7 Fighting
 * Level 3.5 Maces & Flails
 + Level 3.7 Armour
 + Level 3.7 Shields


You had 2 spell levels left.
You didn't know any spells.
Your spell library contained the following spells:

 Spells                   Type           Power      Damage    Failure   Level
 Cigotuvi's Dreadful Rot  Necr/Alch/Air  0%         N/A       71%         2
 Static Discharge         Conj/Air       0%         3-3/arc   71%         2
 Airstrike                Air            0%         2d(0-16)  100%        4
 Ignite Poison            Fire/Alch      0%         N/A       100%        4
 Summon Lightning Spire   Summ/Air       0%         N/A       100%        4
 Freezing Cloud           Conj/Ice/Air   0%         6-21      100%        5


Dungeon Overview and Level Annotations

Branches:
Dungeon (2/15) Zot: 10924

Altars:

Annotations:
D:2 Natasha


Innate Abilities, Weirdness & Mutations

Your spellcasting is much less encumbered by armour.
You can use scrolls of enchantment on lesser artefacts.


Message History

Health restored: 33 An endoplasm comes into view.
An endoplasm is nearby!
An endoplasm is nearby!
The endoplasm hits you but does no damage.
You hit the endoplasm.
The endoplasm is severely wounded.
The endoplasm completely misses you.
You barely miss the endoplasm.
The endoplasm is severely wounded.
The endoplasm barely misses you.
You sock the endoplasm!
You kill the endoplasm!
No target in view!
No target in view!
No target in view!
No target in view!
No target in view!
No target in view!
No target in view!
No target in view!
No target in view!
No target in view!
No target in view!
A goblin comes into view. It is wielding a +0 club.
The goblin shouts!
You hear a shout!
A goblin is nearby!
A goblin is nearby!
A goblin is nearby!
The goblin barely misses you.
You barely miss the goblin. The goblin barely misses you.
A goblin comes into view. It is wielding a +0 club.
You sock the goblin!
You kill the goblin!
You closely miss the goblin.
Natasha, Servant of Life and Death comes into view.
The goblin hits you with a +0 club.
Natasha hisses angrily.
You sock the goblin!
You kill the goblin!
You take 2 damage, and have 31/33 hp.
Things that are here:
a +0 club; a goblin corpse Natasha claws you.
You hit Natasha but do no damage.
Natasha mumbles some strange words.
Natasha shimmers violently.
Natasha closely misses you.
You take 5 damage, and have 26/33 hp.
You barely miss Natasha. Natasha claws you but does no damage.
You closely miss Natasha. Natasha claws you but does no damage.
You closely miss Natasha. Natasha claws you! x2
* * * LOW HITPOINT WARNING * * *
You take 14 damage, and have 13/33 hp.
MASSIVE DAMAGE!!
You are too injured to fight recklessly!
You are too injured to fight recklessly!
You are too injured to fight recklessly!
You are too injured to fight recklessly!
You are too injured to fight recklessly!
You are too injured to fight recklessly!
You are too injured to fight recklessly!
You are too injured to fight recklessly!
Natasha is nearby!
Natasha is nearby!
Natasha is nearby!
You are too injured to fight recklessly!
You hit Natasha.
Natasha is lightly wounded.
Natasha claws you but does no damage.
You sock Natasha!
Natasha is severely wounded.
Natasha casts a spell at you. You resist with some effort.
You barely miss Natasha.
Natasha is severely wounded.
Natasha barely misses you. x2
You barely miss Natasha.
Natasha is severely wounded.
Natasha claws you.
* * * LOW HITPOINT WARNING * * *
You take 4 damage, and have 10/33 hp.
You hit Natasha but do no damage.
Natasha is severely wounded.
Natasha barely misses you.
You closely miss Natasha.
Natasha is severely wounded.
Natasha barely misses you. Natasha claws you!
* * * LOW HITPOINT WARNING * * *
You take 7 damage, and have 3/33 hp.
MASSIVE DAMAGE!!
You closely miss Natasha.
Natasha is severely wounded.
Natasha barely misses you.
You barely miss Natasha.
Natasha is severely wounded.
Natasha misses you.
You hit Natasha.
Natasha is severely wounded.
Natasha claws you!
You die...
Natasha begins licking her fur clean.

█.. █.█ .█ █.█
..█ █.████..█
█.██... . █.█..█
█
....███....██.███
....∆.h@.........
....████).)████ .
██..██ ██..█ ██.█
█▲█ █.█ █.█
█████████.█ █.█
█......██.█
██.███.█.█..██.█


You could see Natasha.

Vanquished Creatures
  Natasha (D:2)
  A dart slug (D:1)
  7 endoplasms
  3 goblins (D:2)
  3 jackals (D:2)
  A kobold (D:1)
  A quokka (D:1)
  A bat (D:1)
  2 frilled lizards (D:1)
  A rat (D:1)
21 creatures vanquished.

Notes
Turn   | Place    | Note
-------+----------+-------------------------------------------
     0 | D:1      | Goblin1989 the Mountain Dwarf Fighter began the quest for
                  | the Orb.
     0 | D:1      | Reached XP level 1. HP: 19/19 MP: 1/1
   359 | D:1      | Reached XP level 2. HP: 22/26 MP: 2/2
   891 | D:2      | Noticed Natasha
   897 | D:2      | Killed Natasha
   898 | D:2      | Reached XP level 3. HP: 15/31 MP: 3/3
  1034 | D:2      | Noticed Natasha
  1050 | D:2      | Slain by Natasha

Illustrated notes

Levels and vault maps discovered:
D:1:      tarquinn_simple_flora_water_a, layout_basic
D:2:      layout_loops_corners, uniq_natasha

Skill      XL: |  1  2 |
---------------+-------+-----
Maces & Flails | 3 |  3.5
Fighting       | |  3.7
Armour         | |  3.7
Shields        | |  3.7

Action                     || total
---------------------------++-------
  Melee: Flail             ||    67
 Armour: Scale mail        ||    51
  Dodge: Dodged            ||    38
  Block: Buckler           ||     7

Table legend: (Time is in decaauts)
 A = Elapsed time spent in this place.
 B = Non-inter-level travel time spent in this place.
 C = Inter-level travel time spent in this place.
 D = Time resting spent in this place.
 E = Time spent auto-exploring this place.
 F = Levels seen in this place.
 G = Mean time per level.
                   A        B        C        D        E       F      G
               +--------+--------+--------+--------+--------+-----+--------+
         Total |   1073 |   1070 |      3 |      0 |    906 |   2 |  536.5 |
       Dungeon |   1073 |   1070 |      3 |      0 |    906 |   2 |  536.5 |
               +--------+--------+--------+--------+--------+-----+--------+

Top non-repeatable levels by time:
     D:1: 876 daAuts
     D:2: 197 daAuts
